 Dungeon Sprint DCSS version 0.15-a0-39-g424acf8 (webtiles) character file.

2173 BluebellGnoll the Bludgeoner (level 8, -7/62 HPs)
             Began as a Gargoyle Berserker on Apr 3, 2014.
             Was a Priest of Trog.
             Mangled by a flying skull (8 damage)
             ... in the Dungeon (Sprint II: "The Violet Keep of Menkaure").
             The game lasted 00:06:23 (597 turns).

BluebellGnoll the Bludgeoner (Gargoyle Berserker)    Turns: 597, Time: 00:06:23

HP  -7/62        AC  7     Str 22      XL: 8   Next: 44%
MP   8/8         EV 12     Int  9      God: Trog [***...]
Gold 972         SH  0     Dex  9      Spells:  0 memorised,  7 levels left

rFire  . . .     SeeInvis .     a - +0 mace
rCold  . . .     Clarity  .     b - +0 animal skin
rNeg   + . .     Conserve .     (no shield)
rPois  +         rCorr    .     (no helmet)
rElec  +         rRot     +     (no cloak)
SustAb . .       Spirit   .     (no gloves)
rMut   .         Warding  .     (no boots)
Saprov . . .     NoTele   +     (no amulet)
MR     .....                    (no ring)
                                (no ring)

@: exhausted, slowed, very slow, not resistant to hostile enchantments, very
unstealthy
A: life protection 1, electricity resistance, unbreathing, petrification
resistance, AC +5
a: Burn Spellbooks, Berserk, Trog's Hand, Renounce Religion


You were in the Dungeon.
You worshipped Trog.
Trog was most pleased with you.
You were hungry.

You visited 1 branch You collected 972 gold pieces.

Inventory:

Hand weapons
 a - a +0,+0 mace (weapon)
Armour
 b - a +0 animal skin (worn)
Comestibles
 c - a bread ration
 h - 3 chunks of worker ant flesh
Scrolls
 i - a scroll of blinking
Potions
 d - a potion of curing
 e - a potion of heal wounds
 f - a potion of haste
 g - 2 potions of magic


   Skills:
 + Level 12.4 Fighting
 - Level 15.1 Maces & Flails
 - Level 2.1 Armour
 - Level 1.5 Dodging


You had 7 spell levels left.
You didn't know any spells.

Dungeon Overview and Level Annotations

Branches:
Dungeon (1/1)

Altars:

Shops:
D :?(!=!*[[:%=:[[}

Annotations:
D exclusion: oklob plant


Innate Abilities, Weirdness & Mutations

You are resistant to torment.
You are immune to poison.
You are immune to rotting.
Your stone body is very resilient (AC +5).
You resist negative energy.
You are resistant to electric shocks.
You can survive without breathing.
You are immune to petrification.


Message History

You barely miss the flying skull.
The flying skull is almost destroyed.
The flying skull barely misses you.
The flying skull hits you but does no damage.
The flying skull barely misses you. The flying skull hits you.
You barely miss the flying skull.
The flying skull is almost destroyed.
The flying skull closely misses you. x2
You closely miss the flying skull.
The flying skull is almost destroyed.
The flying skull hits you.
* * * LOW HITPOINT WARNING * * *
The flying skull completely misses you.
The flying skull hits you but does no damage.
The flying skull hits you!
* * * LOW HITPOINT WARNING * * *
The flying skull hits you!
* * * LOW HITPOINT WARNING * * *
The flying skull hits you!
You die...

§§.... ≈# .§.§... ###≈≈#
§#''z## ##≈≈≈.. .z..#
∩#≈≈≈≈.##+##zz#
.#≈≈≈≈##.#.##z####
.#≈≈≈≈#..#..#zz..#
.#≈≈####.#.####zz##
.#≈##.###'# #.##@.#
.#≈#...##.###..#..#
.%≈+.##+.<.'.##'..#
.#≈#...##.###..#....#
##≈##.###'# #.##......≈
##≈≈####.#.####≈≈.....≈#
##≈≈ #.###.# ≈≈≈≈§§§§
+#≈##.# ## §§≈≈§§. ≈≈##+
≈§≈§≈≈≈


You could see 8 flying skulls.

Vanquished Creatures
  2 boulder beetles (D)
  2 hippogriffs (D)
  2 flying skulls (D)
  4 necrophages (D)
  4 worker ants (D)
14 creatures vanquished.

Vanquished Creatures (others)
  A baby alligator (D)
  A crocodile (D)
2 creatures vanquished.

Grand Total: 16 creatures vanquished

Notes
Turn   | Place    | Note
--------------------------------------------------------------
     0 | D        | BluebellGnoll, the Gargoyle Berserker, began the quest for the Orb.
     0 | D        | Reached XP level 1. HP: 14/14 MP: 1/1
     1 | D        | Noticed a necrophage
     1 | D        | Noticed a necrophage
     1 | D        | Noticed a necrophage
     1 | D        | Noticed a necrophage
    10 | D        | Killed a necrophage
    10 | D        | Reached skill level 10 in Maces & Flails
    10 | D        | Reached XP level 2. HP: 19/19 MP: 2/2
    10 | D        | Reached XP level 3. HP: 23/23 MP: 3/3
    10 | D        | Reached XP level 4. HP: 28/28 MP: 4/4
    13 | D        | Killed a necrophage
    13 | D        | Reached skill level 12 in Maces & Flails
    13 | D        | Reached XP level 5. HP: 32/32 MP: 5/5
    17 | D        | Killed a necrophage
    17 | D        | Reached skill level 14 in Maces & Flails
    17 | D        | Reached XP level 6. HP: 37/37 MP: 6/6
    30 | D        | Killed a necrophage
    30 | D        | Reached skill level 15 in Maces & Flails
    96 | D        | Killed a crocodile
   169 | D        | Killed a baby alligator
   230 | D        | Noticed a boulder beetle
   230 | D        | Noticed a boulder beetle
   242 | D        | Found Smuur's Antique Armour Emporium.
   242 | D        | Found Pluxuir's Book Shoppe.
   242 | D        | Found Phoh's Armour Emporium.
   242 | D        | Found Huer's Antique Armour Shoppe.
   242 | D        | Found Sueg's Jewellery Shoppe.
   243 | D        | Found Ihamoba's Antique Weapon Shoppe.
   243 | D        | Found Gipt's Jewellery Shoppe.
   243 | D        | Found Reapel's Distillery.
   243 | D        | Found Hupnuer's Antique Armour Shoppe.
   243 | D        | Found Shell's Assorted Antiques.
   243 | D        | Found Oduamuf's Gadget Shoppe.
   243 | D        | Found Uguph's Food Emporium.
   244 | D        | Found Diasos' Magic Scroll Emporium.
   245 | D        | Found Irafua's Book Shoppe.
   245 | D        | Found Eduec's Distillery.
   246 | D        | Noticed a fire dragon
   251 | D        | Found Pazaaleck's Book Shoppe.
   251 | D        | Noticed an oklob plant
   279 | D        | Noticed a hippogriff
   279 | D        | Noticed a hippogriff
   286 | D        | Killed a hippogriff
   286 | D        | Reached XP level 7. HP: 47/47 MP: 7/7
   290 | D        | Killed a hippogriff
   292 | D        | Acquired Trog's second power
   358 | D        | Killed a boulder beetle
   364 | D        | Killed a boulder beetle
   364 | D        | Reached skill level 10 in Fighting
   534 | D        | Noticed a worker ant
   534 | D        | Noticed a worker ant
   541 | D        | Killed a worker ant
   543 | D        | Killed a worker ant
   543 | D        | Reached XP level 8. HP: 52/58 MP: 8/8
   546 | D        | Noticed a worker ant
   546 | D        | Noticed a worker ant
   552 | D        | Killed a worker ant
   555 | D        | Killed a worker ant
   570 | D        | Noticed a flying skull
   570 | D        | Noticed a flying skull
   570 | D        | Noticed a flying skull
   571 | D        | Noticed a flying skull
   571 | D        | Noticed a flying skull
   571 | D        | Noticed a flying skull
   572 | D        | Noticed a flying skull
   572 | D        | Noticed a flying skull
   572 | D        | Noticed a flying skull
   577 | D        | Killed a flying skull
   581 | D        | Noticed a flying skull
   581 | D        | Noticed a flying skull
   585 | D        | Killed a flying skull
   589 | D        | Noticed a flying skull
   597 | D        | HP: 1/62 [flying skull (9)]
   597 | D        | Mangled by a flying skull

Action                   |  1- 3 |  4- 6 |  7- 9 || total
-------------------------+-------+-------+-------++-------
Melee: Mace              |     8 |    26 |    52 ||    86
Invok: Berserk           |       |     2 |     2 ||     4
       Trog's Hand       |       |       |     1 ||     1
  Use: Potion            |     1 |       |       ||     1
